 Dungeon Crawl Stone Soup version 0.28-a0-1159-g27aa881441 (webtiles) character file.

Game seed: 3270367149875465053

60 spaghetti the Sneak (level 3, 0/29 HPs)
             Began as a Mummy Delver on Dec 15, 2021.
             Slain by an ufetubus (4 damage)
             ... on level 5 of the Dungeon.
             The game lasted 00:01:50 (591 turns).

spaghetti the Sneak (Mummy Delver)                   Turns: 591, Time: 00:01:51

Health: 0/29       AC:  3    Str: 17    XL:     3   Next: 82%
Magic:  3/3        EV: 11    Int:  9    God:
Gold:   16         SH:  0    Dex: 13    Spells: 2/2 levels left

rFire   x . .      SeeInvis .   a - +0 mace {mace}
rCold   + . .      Faith    .   (no shield)
rNeg    + + +      Spirit   .   b - +0 leather armour
rPois   ∞          Reflect  .   (no helmet)
rElec   .          Harm     .   i - scarf {+Inv}
rCorr   .          Rampage  .   (no gloves)
Will    .....                   (no boots)
Stlth   +++.......              (no amulet)
HPRegen 0.09/turn               (no ring)
MPRegen 0.08/turn               (no ring)

@: no status effects
A: cold resistance 1, negative energy resistance 3, torment resistance 2, heat
vulnerability 1, no potions
a: Evoke Invisibility


You were on level 5 of the Dungeon.
You visited 1 branch of the dungeon, and saw 3 of its levels.

You collected 16 gold pieces.


Innate Abilities, Weirdness & Mutations

You are immune to poison.
Your flesh is cold resistant. (rC+)
You are immune to negative energy. (rN+++)
You are immune to unholy pain and torment.
You are vulnerable to heat. (rF-)
You do not drink.


   Skills:
 - Level 3.0 Fighting
 - Level 1.5 Maces & Flails
 - Level 1.5 Dodging
 + Level 5.4 Stealth


You had 2 spell levels left.
You didn't know any spells.
Your spell library was empty.

Inventory:

Hand Weapons
 a - a +0 mace (weapon) {mace}
Missiles
 g - 26 stones (quivered) {throwing}
 h - 30 arrows
Armour
 b - a +0 leather armour (worn)
 i - a scarf of invisibility (worn)
   (You found it on level 6 of the Dungeon)
Wands
 f - a wand of digging (3)
Scrolls
 c - a scroll of fog
 d - a scroll of magic mapping {!r}
 e - a scroll of identify {unknown}

Dungeon Overview and Level Annotations

Branches:
Dungeon (6/15)
 Temple: D:4-7

Altars:
Okawaru

Annotations:
D:4 Dowan, Duvessa, Pikel
D:5 exclusions: adder and 1 more exclusion
D:6 exclusion: shadow imp, Grinder

#########...##
...........#.####
############
##..............##
#..........#
#....##.#.......#
#.########.#
##....##...###..###.#
#.#
#..#...............#
#.# #
#.[..##.#####..#####
###s### #
#.#............#
#......
###.####......##@#
#.#.### ....#
#...##.#.5# #.#.#
###.# #### #.#.##
#.#.# #.# #.#o #.#.#
###.# #..o #.#.#
n..<# ###.
#########.#.# ##..#
#. #.........#.#
#......# #.
#.#########.#
#n.###.# #. #.# #.#


You could see 2 orcs and an ufetubus.


Message History

Your hp is fully restored (18).
An adder is nearby!
Press: ? - help, v - describe, . - travel
Here: an adder (wandering, hasn't noticed you)
The floor.
Placed new exclusion.
A scorpion comes into view.
A scorpion is nearby!
Okay, then.
Press: ? - help, v - describe, . - travel The floor.
Placed new exclusion.
Reduced exclusion size to a single square.
A scorpion is nearby!
The scorpion misses you.
You hit the scorpion but do no damage. The scorpion stings you.
The scorpion barely misses you. 😕 HP[-3]
You take 3 damage, and now have 15/18 hp.
You hit the scorpion.
The scorpion stings you but does no damage.
You hit the scorpion but do no damage. The scorpion stings you.
The scorpion stings you but does no damage. 😮 HP[-4]
You take 4 damage, and now have 11/18 hp.
MASSIVE DAMAGE!! (PAUSE)
Okay, then.
You can't drink.
Okay, then.
Unknown command.
You hit the scorpion.
The scorpion barely misses you. 😮 HP[+1]
You barely miss the scorpion. The scorpion barely misses you.
The scorpion misses you.
You hit the scorpion. The scorpion closely misses you.
The scorpion barely misses you.
You hit the scorpion but do no damage. The scorpion stings you. 😮 HP[-1]
You take 1 damage, and now have 11/18 hp.
You barely miss the scorpion. The scorpion stings you.
* * * LOW HITPOINT WARNING * * *
The scorpion barely misses you. 😨 HP[-4]
You take 4 damage, and now have 7/18 hp.
MASSIVE DAMAGE!! (PAUSE)
You hit the scorpion. The scorpion stings you.
* * * LOW HITPOINT WARNING * * *
😨 HP[-1]
You take 1 damage, and now have 6/18 hp.
You sock the scorpion!
You kill the scorpion!
Your Stealth skill increases to level 5!
You have reached level 2!
You have reached level 3!
Your experience leads to an increase in your attributes!
Increase (S)trength, (I)ntelligence, or (D)exterity?
You feel stronger. x2 😨 HP[+4] MP[+2]
You now have 29 max hp (+11).
You regained 4 hp, and now have 10/29 hp.
Your mp is fully restored (3).
You start resting. 😎 HP[+19]
Your hp is fully restored (29).
The orc shouts!
You hear a shout!
An ufetubus comes into view.
The ufetubus hits you but does no damage.
The ufetubus barely misses you.
The orc shouts!
You hit the ufetubus. The ufetubus barely misses you. x2
The ufetubus hits you.
The ufetubus closely misses you. 😕 HP[-1]
You take 1 damage, and now have 28/29 hp.
You miss the ufetubus. The ufetubus closely misses you.
The ufetubus barely misses you. The ufetubus completely misses you.
The ufetubus closely misses you.
You hit the ufetubus but do no damage. The ufetubus hits you.
The ufetubus barely misses you. x2; The ufetubus hits you.
The orc barely misses you.
The ufetubus hits you but does no damage.
The ufetubus hits you. 😮 HP[-8]
You take 8 damage, and now have 20/29 hp.
MASSIVE DAMAGE!! (PAUSE)
You miss the ufetubus.
The orc hits you from afar with a +0 trident of protection!
* * * LOW HITPOINT WARNING * * *
The ufetubus hits you.
* * * LOW HITPOINT WARNING * * *
The ufetubus barely misses you.
The orc hits you from afar with a +0 trident of protection.
* * * LOW HITPOINT WARNING * * *
😱 HP[-16]
You take 16 damage, and now have 4/29 hp.
MASSIVE DAMAGE!! (PAUSE)
Okay, then.
You can't drink.
Okay, then.
The ufetubus completely misses you. The ufetubus hits you.
You die...

Skill      XL: |  1 |
---------------+----+-----
Stealth        | 5 |  5.4
Fighting       | |  3.0
Maces & Flails | |  1.5
Dodging        | |  1.5

Action                   || total
-------------------------++-------
Melee: Mace              ||    14
  Use: Scroll            ||     1
Armor: Leather armour    ||     6
Dodge: Dodged            ||    27

Levels and vault maps discovered:
D:4:      layout_rooms, uniq_crazy_yiuf_cottage, uniq_duvessa,
          uniq_blork_the_orc, uniq_pikel
D:5:      layout_loops_ring, mainiacjoe_overflow_alcove_1,
          minmay_temple_entry_slanted, kennysheep_doodads
D:6:      layout_rooms, nicolae_overflow_hidden_temple, uniq_grinder

Notes
Turn   | Place    | Note
-------+----------+-------------------------------------------
     0 | D:5      | spaghetti the Mummy Delver began the quest for the Orb.
     0 | D:5      | Reached XP level 1. HP: 18/18 MP: 1/1
     0 | D:5      | magus.rc [v1.9.6]
    17 | D:5      | Noticed a hound
    29 | D:6      | Noticed a black bear
    94 | D:6      | Found an iron altar of Okawaru.
   117 | D:6      | Noticed Grinder
   184 | D:5      | Noticed a scorpion
   187 | D:4      | Noticed a black bear
   194 | D:4      | Noticed an iguana
   206 | D:4      | Noticed Pikel
   206 | D:4      | Noticed Dowan
   206 | D:4      | Noticed a lemure
   207 | D:4      | Noticed a lemure
   207 | D:4      | Noticed a lemure
   207 | D:4      | Noticed a lemure
   208 | D:4      | Noticed Duvessa
   215 | D:5      | Noticed a necrophage
   342 | D:5      | Noticed a scorpion
   370 | D:5      | Killed a scorpion
   371 | D:5      | Reached skill level 5 in Stealth
   371 | D:5      | Reached XP level 2. HP: 8/24 MP: 2/2
   371 | D:5      | Reached XP level 3. HP: 10/29 MP: 3/3
   590 | D:5      | HP: 4/29 [orc (5)]
   591 | D:5      | Slain by an ufetubus

Vanquished Creatures
  A scorpion (D:5)
1 creature vanquished.

Table legend:
 A = Non-vault XP
 B = Vault XP
 C = Vault XP percentage of total XP
 D = Non-vault monster count
 E = Vault monster count
 F = Vault count percentage of total count
                 A         B        C        D         E       F
            +---------+---------+-------+---------+---------+-------
      Total |      87 |       0 |   0.0 |       1 |       0 |   0.0
            +---------+---------+-------+---------+---------+-------
        D:5 |      87 |       0 |   0.0 |       1 |       0 |   0.0
            +---------+---------+-------+---------+---------+-------

Illustrated notes

Table legend:
 A = Kills in this place as a percentage of kills in entire the game.
 B = Kills by you in this place as a percentage of kills by you in the entire game.
 C = Kills by friends in this place as a percentage of kills by friends in the entire game.
 D = Other kills in this place as a percentage of other kills in the entire game.
 E = Experience gained in this place as a percentage of experience gained in the entire game.
 F = Experience gained in this place divided by the number of levels of this place that you have seen.
                   A       B       C       D       E      F
               +-------+-------+-------+-------+-------+----------------------
         Total | 100.0 | 100.0 |   N/A |   N/A | 100.0 |  29.0
       Dungeon | 100.0 | 100.0 |   N/A |   N/A | 100.0 |  29.0
               +-------+-------+-------+-------+-------+----------------------

Table legend: (Time is in decaauts)
 A = Elapsed time spent in this place.
 B = Non-inter-level travel time spent in this place.
 C = Inter-level travel time spent in this place.
 D = Time resting spent in this place.
 E = Time spent auto-exploring this place.
 F = Levels seen in this place.
 G = Mean time per level.
                   A        B        C        D        E       F      G
               +--------+--------+--------+--------+--------+-----+--------+
         Total |    596 |    596 |      0 |    207 |    217 |   3 |  198.7 |
       Dungeon |    596 |    596 |      0 |    207 |    217 |   3 |  198.7 |
               +--------+--------+--------+--------+--------+-----+--------+

Top non-repeatable levels by time:
     D:5: 424 daAuts
     D:6: 143 daAuts
     D:4: 27 daAuts
